Punishers vs Saguenéens

Created - December 17, 2017 at 20:11

Goals
1 2 3 T
Punishers 0 1 0 1
Saguenéens 0 2 1 3
Shots
1 2 3 T
Punishers 10 13 8 31
Saguenéens 9 11 9 29

1st period

No Goal

Penalties :
Patrick Sieloff (Chi) for Hooking (Minor) at 1:46, Patrick Sieloff (Chi) for Hooking (Minor) at 8:13, Rhett Rakhshani (Chi) for Tripping (Minor) at 13:56

2nd period

1. Punishers , Mattias Tedenby 18 (Casey Cizikas 19) at 7:52
2. Saguenéens , Craig Cunningham 7 (Rhett Rakhshani 10) at 12:04
3. Saguenéens , Jake McCabe 3 (Mikhail Grigorenko 1, Mike Smith) at 19:37 (PP)

Penalties :
Carson Mcmillan (Chi) for Hooking (Minor) at 14:15, Patrick Sieloff (Chi) for Hooking (Minor) at 16:54, David Laliberté (Pro) for Hooking (Minor) at 17:51

3rd period

4. Saguenéens , Teemu Pulkkinen 5 (Henrik Samuelsson 4, Jerry D'Amigo 9) at 8:21

Penalties :
Patrick Sieloff (Chi) for Roughing (Minor) at 5:49, Robbie Earl (Pro) for Hooking (Minor) at 8:51

Goalie Stats

Niklas Svedberg (Pro), 26 saves from 29 shots - (0.897), L, 12-10-3, 60:00 minutes
Mike Smith (Chi), 30 saves from 31 shots - (0.968), W, 20-5-0, 60:00 minutes

Players Stats for Punishers

Player Name              G  A  P  +/- PIM S  H  SB GA TA FO     MP     PP MP  PK MP  
------------------------------------------------------------------------------------
Aaron Palushaj           0  0  0   0  0   1  0  1  0  0  0/1     9:24   0:07   1:19 
Adam McQuaid             0  0  0   0  0   1  0  3  0  0  0/0    15:37   0:00   1:00 
Boone Jenner             0  0  0  -1  0   1  0  1  0  0  11/18  17:31   4:59   0:18 
Casey Cizikas            0  1  1   1  0   1  0  2  0  0  13/24  23:36   5:46   0:57 
Colton Gillies           0  0  0   0  0   1  0  0  0  1  0/0    12:51   4:59   0:00 
Damon Severson           0  0  0   0  0   1  1  0  0  0  0/0    13:01   5:06   0:00 
David Laliberté          0  0  0  -1  2   7  3  1  1  1  0/0    16:58   4:58   0:00 
David Rundblad           0  0  0   0  0   0  1  2  1  1  0/0    25:29   5:46   1:43 
Erik Nystrom             0  0  0   0  0   0  3  0  0  0  0/0     8:48   0:00   0:46 
Jordan Schmaltz          0  0  0   0  0   1  0  0  0  0  0/0     9:25   0:48   0:53 
Luke Adam                0  0  0  -1  0   1  1  0  0  0  0/4    10:03   0:00   1:35 
Mattias Tedenby          1  0  1   1  0   6  4  1  5  0  1/3    23:31   5:46   0:00 
Miikka Salomaki          0  0  0  -1  0   0  0  1  0  0  0/0     8:35   0:07   0:00 
Nick Schultz             0  0  0   0  0   2  3  4  0  0  0/0    23:01   5:46   0:00 
Oscar Sundqvist          0  0  0   0  0   2  0  0  0  0  0/3     7:58   0:00   0:00 
Patrick Wiercioch        0  0  0  -1  0   1  1  0  0  0  0/0     5:53   0:00   0:00 
Robbie Earl              0  0  0   0  2   1  3  2  0  0  1/9    24:41   5:53   0:09 
Stefan Elliott           0  0  0   0  0   0  1  1  0  0  0/0    21:41   4:18   1:50 
Tanner Glass             0  0  0  -1  0   4  1  1  0  0  0/0    12:17   0:00   0:22 
Trevor Van Riemsdyk      0  0  0  -1  0   0  0  0  0  0  0/0     5:53   0:00   0:00 

Players Stats for Saguenéens

Player Name              G  A  P  +/- PIM S  H  SB GA TA FO     MP     PP MP  PK MP  
------------------------------------------------------------------------------------
Brody Sutter             0  0  0   0  0   0  0  0  0  0  0/0     0:45   0:44   0:00 
Carl Hagelin             0  0  0  -1  0   0  4  0  0  1  0/1    14:51   0:54   0:00 
Carson Mcmillan          0  0  0   0  2   8  2  4  1  0  4/9    21:28   1:05   4:43 
Craig Cunningham         1  0  1   1  0   1  2  0  0  0  0/0    11:25   0:00   1:52 
Dalton Prout             0  0  0   0  0   2  3  2  0  5  0/0    29:58   2:11   5:27 
Henrik Samuelsson        0  1  1   1  0   2  1  0  0  0  2/3     7:26   0:00   0:27 
Jake McCabe              1  0  1   1  0   4  0  3  1  0  0/0    26:22   2:11   6:28 
Jerry D'Amigo            0  1  1   1  0   0  0  0  0  0  0/0     6:59   0:00   0:00 
Juraj Mikus              0  0  0  -1  0   1  0  0  0  0  5/10   14:51   0:54   0:00 
Mason Raymond            0  0  0   0  0   1  2  0  0  0  2/2    22:20   1:05   5:36 
Mikhail Grigorenko       0  1  1   0  0   0  0  0  0  0  0/0     4:32   0:44   1:34 
Nicholas Walters         0  0  0   0  0   0  2  0  0  0  0/0    14:49   0:00   2:35 
Nick Mattson             0  0  0   1  0   0  1  0  1  1  0/0    25:28   0:32   5:07 
Patrick Sieloff          0  0  0   0  8   2  2  1  0  0  0/0    21:57   1:16   1:44 
Rhett Rakhshani          0  1  1   1  2   1  5  0  0  0  0/0    11:21   0:00   1:40 
Spencer Machacek         0  0  0  -1  0   1  2  0  0  0  0/0    17:56   0:54   2:54 
Tanner Richard           0  0  0   1  0   2  3  0  0  0  2/3     9:12   0:00   0:00 
Teemu Pulkkinen          1  0  1   1  0   3  0  0  0  0  0/0     7:26   0:00   0:27 
Zac Rinaldo              0  0  0   0  0   1  4  0  0  0  21/34  18:54   1:05   2:54 

3 Stars

1 - Mike Smith (Chi)
2 - Mattias Tedenby (Pro)
3 - Craig Cunningham (Chi)

Power Play

Punishers - 0 on 6 Attempt(s) - 0.00%
Saguenéens - 1 on 2 Attempt(s) - 50.00%

Penalty Kill

Punishers - 1 on 2 Attempt(s) - 50.00% - Score 0 goal in Penalty Kill
Saguenéens - 6 on 6 Attempt(s) - 100.00% - Score 0 goal in Penalty Kill

Team Stat

Punishers - Hits : 22 - Faceoff Wins : 26 - Blocked Shots : 20 - Penalty Minutes : 4
Saguenéens - Hits : 33 - Faceoff Wins : 36 - Blocked Shots : 10 - Penalty Minutes : 12

Official

Referees : Auger Stephane and VanMassenhoven Don
Linesman : Shane Heyer and Mark Wheler

Game Notes

No Game Note

Finance

Level 1 -- Attendance: 1426 (71.30%) -- Ticket Income $57,040
Level 2 -- Attendance: 718 (71.80%) -- Ticket Income $14,360
Total Attendance: 2144 (71.47%)
Total Ticket Income: $71,400
Other Income: $3,570
Total Income: $74,970

Punishers

5 vs 5 Forward 
   Center                   Left Wing                Right Wing               Time % Phy DF OF 
 1 Casey Cizikas            Robbie Earl              Mattias Tedenby          40     1   2  2  
 2 Boone Jenner             Tanner Glass             David Laliberté          30     1   2  2  
 3 Luke Adam                Colton Gillies           Miikka Salomaki          20     1   2  2  
 4 Oscar Sundqvist          Erik Nystrom             Aaron Palushaj           10     1   2  2  

5 vs 5 Defense 
   Defense                  Defense                                           Time % Phy DF OF 
 1 Nick Schultz             David Rundblad                                    40     1   2  2  
 2 Adam McQuaid             Stefan Elliott                                    30     1   2  2  
 3 Damon Severson           Jordan Schmaltz                                   20     1   2  2  
 4 Patrick Wiercioch        Trevor Van Riemsdyk                               10     1   2  2  

PowerPlay Forward 
   Center                   Left Wing                Right Wing               Time % Phy DF OF 
 1 Casey Cizikas            Robbie Earl              Mattias Tedenby          60     1   2  2  
 2 Boone Jenner             Colton Gillies           David Laliberté          40     1   2  2  

PowerPlay Defense
   Defense                  Defense                                           Time % Phy DF OF 
 1 Nick Schultz             David Rundblad                                    60     1   2  2  
 2 Damon Severson           Stefan Elliott                                    40     1   2  2  

Penalty Kill 4 Players Forward 
   Center                   Wing                     Time % Phy DF OF 
 1 Robbie Earl              Luke Adam                60     1   2  2  
 2 Mattias Tedenby          David Laliberté          40     1   2  2  

Penalty Kill 4 Players Defense
   Defense                  Defense                  Time % Phy DF OF 
 1 David Rundblad           Stefan Elliott           60     1   2  2  
 2 Jordan Schmaltz          Adam McQuaid             40     1   2  2  

Penalty Kill - 3 Players Forward 
   Forward                                           Time % Phy DF OF 
 1 Robbie Earl                                       60     1   2  2  
 2 Luke Adam                                         40     1   2  2  

Penalty Kill - 3 Players Defense
   Defense                  Defense                  Time % Phy DF OF 
 1 David Rundblad           Stefan Elliott           60     1   2  2  
 2 Jordan Schmaltz          Adam McQuaid             40     1   2  2  

4 vs 4 Forward 
   Center                   Wing                     Time % Phy DF OF 
 1 Robbie Earl              Mattias Tedenby          60     1   2  2  
 2 Tanner Glass             Boone Jenner             40     1   2  2  

4 vs 4 Defense
   Defense                  Defense                  Time % Phy DF OF 
 1 Nick Schultz             David Rundblad           60     1   2  2  
 2 Adam McQuaid             Stefan Elliott           40     1   2  2  

Last Minutes Offensive
   Center                   Left Wing                Right Wing               Defense                  Defense                  
   Luke Adam                Robbie Earl              Mattias Tedenby          Nick Schultz             Damon Severson           

Last Minutes Defensive
   Center                   Left Wing                Right Wing               Defense                  Defense                  
   Luke Adam                Robbie Earl              Mattias Tedenby          Adam McQuaid             Stefan Elliott           

Goaltenders
Starting : Niklas Svedberg          
Backup : Louis Domingue           

Extra Forwards
Normal : Boone Jenner, Miikka Salomaki, Aaron Palushaj - PP : Boone Jenner, Miikka Salomaki - PK : Aaron Palushaj
Extra Defensemen
Normal : Damon Severson, Patrick Wiercioch, Jordan Schmaltz - PP : Damon Severson - PK : Patrick Wiercioch, Jordan Schmaltz
Penalty Shots
Robbie Earl, Luke Adam, Mattias Tedenby, David Laliberté, Casey Cizikas

Scratches
Radek Faksa (Healthy), Quinton Howden (Healthy), Carter Ashton (Healthy), Garret Ross (Right Eye Injury), Dylan DeMelo (Healthy)
Zack Hamill (Healthy)

Saguenéens

5 vs 5 Forward 
   Center                   Left Wing                Right Wing               Time % Phy DF OF 
 1 Zac Rinaldo              Mason Raymond            Carson Mcmillan          40     1   2  2  
 2 Juraj Mikus              Carl Hagelin             Spencer Machacek         30     1   2  2  
 3 Tanner Richard           Craig Cunningham         Rhett Rakhshani          20     1   2  2  
 4 Henrik Samuelsson        Teemu Pulkkinen          Jerry D'Amigo            10     1   2  2  

5 vs 5 Defense 
   Defense                  Defense                                           Time % Phy DF OF 
 1 Dalton Prout             Jake McCabe                                       40     1   2  2  
 2 Nick Mattson             Patrick Sieloff                                   30     1   2  2  
 3 Nicholas Walters         Dalton Prout                                      20     1   2  2  
 4 Jake McCabe              Nick Mattson                                      10     1   2  2  

PowerPlay Forward 
   Center                   Left Wing                Right Wing               Time % Phy DF OF 
 1 Zac Rinaldo              Mason Raymond            Carson Mcmillan          60     1   2  2  
 2 Juraj Mikus              Carl Hagelin             Spencer Machacek         40     1   2  2  

PowerPlay Defense
   Defense                  Defense                                           Time % Phy DF OF 
 1 Dalton Prout             Jake McCabe                                       60     1   2  2  
 2 Nick Mattson             Patrick Sieloff                                   40     1   2  2  

Penalty Kill 4 Players Forward 
   Center                   Wing                     Time % Phy DF OF 
 1 Carson Mcmillan          Mason Raymond            60     1   2  2  
 2 Spencer Machacek         Zac Rinaldo              40     1   2  2  

Penalty Kill 4 Players Defense
   Defense                  Defense                  Time % Phy DF OF 
 1 Dalton Prout             Jake McCabe              60     1   2  2  
 2 Nick Mattson             Patrick Sieloff          40     1   2  2  

Penalty Kill - 3 Players Forward 
   Forward                                           Time % Phy DF OF 
 1 Carson Mcmillan                                   60     1   2  2  
 2 Mason Raymond                                     40     1   2  2  

Penalty Kill - 3 Players Defense
   Defense                  Defense                  Time % Phy DF OF 
 1 Dalton Prout             Jake McCabe              60     1   2  2  
 2 Nick Mattson             Patrick Sieloff          40     1   2  2  

4 vs 4 Forward 
   Center                   Wing                     Time % Phy DF OF 
 1 Carson Mcmillan          Mason Raymond            60     1   2  2  
 2 Spencer Machacek         Zac Rinaldo              40     1   2  2  

4 vs 4 Defense
   Defense                  Defense                  Time % Phy DF OF 
 1 Dalton Prout             Jake McCabe              60     1   2  2  
 2 Nick Mattson             Patrick Sieloff          40     1   2  2  

Last Minutes Offensive
   Center                   Left Wing                Right Wing               Defense                  Defense                  
   Zac Rinaldo              Mason Raymond            Carson Mcmillan          Dalton Prout             Jake McCabe              

Last Minutes Defensive
   Center                   Left Wing                Right Wing               Defense                  Defense                  
   Zac Rinaldo              Mason Raymond            Carson Mcmillan          Dalton Prout             Jake McCabe              

Goaltenders
Starting : Mike Smith               
Backup : Martin Jones             

Extra Forwards
Normal : Mikhail Grigorenko, Brody Sutter, Rhett Rakhshani - PP : Mikhail Grigorenko, Brody Sutter - PK : Rhett Rakhshani
Extra Defensemen
Normal : Nicholas Walters, Patrick Sieloff, Dalton Prout - PP : Nicholas Walters - PK : Patrick Sieloff, Dalton Prout
Penalty Shots
Carson Mcmillan, Mason Raymond, Spencer Machacek, Zac Rinaldo, Juraj Mikus

Scratches
Brett Lebda (Healthy), Artur Gavrus (Healthy), Luke Witkowski (Healthy), Garret Sparks (Healthy)

% Time on Ice - Punishers

Lines # - Real PCT - Wanted PCT - Time Play
Normal Forward
1 - 37% - 40% - 16:57
2 - 26% - 30% - 12:00
3 - 19% - 20% - 8:28
4 - 18% - 10% - 7:58
Normal Defense
1 - 38% - 40% - 17:27
2 - 32% - 30% - 14:19
3 - 17% - 20% - 7:44
4 - 13% - 10% - 5:53
PP Forward
1 - 54% - 60% - 5:53
2 - 46% - 40% - 4:59
PP Defense
1 - 53% - 60% - 5:46
2 - 47% - 40% - 5:06
PK Forward
1 - 96% - 60% - 2:36
2 - 4% - 40% - 0:07
PK Defense
1 - 63% - 60% - 1:43
2 - 37% - 40% - 1:00
PK3 Forward
1 - 0% - 60%
2 - 0% - 40%
PK3 Defense
1 - 0% - 60%
2 - 0% - 40%
44 Forward
1 - 84% - 60% - 0:52
2 - 16% - 40% - 0:10
44 Defense
1 - 53% - 60% - 0:33
2 - 47% - 40% - 0:29
Last Minute Offensive  - 0:00
Last Minute Defensive  - 0:00
Total
Forward - 60:00
Defense - 60:00

% Time on Ice - Saguenéens

Lines # - Real PCT - Wanted PCT - Time Play
Normal Forward
1 - 34% - 40% - 15:15
2 - 31% - 30% - 13:57
3 - 20% - 20% - 9:12
4 - 15% - 10% - 6:59
Normal Defense
1 - 35% - 40% - 15:57
2 - 40% - 30% - 18:02
3 - 19% - 20% - 8:30
4 - 6% - 10% - 2:54
PP Forward
1 - 67% - 60% - 1:49
2 - 33% - 40% - 0:54
PP Defense
1 - 80% - 60% - 2:11
2 - 20% - 40% - 0:32
PK Forward
1 - 73% - 60% - 7:58
2 - 27% - 40% - 2:54
PK Defense
1 - 46% - 60% - 5:02
2 - 54% - 40% - 5:50
PK3 Forward
1 - 0% - 60%
2 - 0% - 40%
PK3 Defense
1 - 0% - 60%
2 - 0% - 40%
44 Forward
1 - 82% - 60% - 0:51
2 - 18% - 40% - 0:11
44 Defense
1 - 6% - 60% - 0:04
2 - 94% - 40% - 0:58
Last Minute Offensive  - 0:00
Last Minute Defensive  - 0:00
Total
Forward - 60:00
Defense - 60:00

Play by Play

1st period


0:01 of 1st period - Zac Rinaldo wins face-off versus Robbie Earl in neutral zone.
0:32 of 1st period - Snap shot by Tanner Glass.
0:32 of 1st period - Stopped by Mike Smith with a rebound.
0:40 of 1st period - David Rundblad is hit by Rhett Rakhshani and loses puck.
1:38 of 1st period - Snap shot by Robbie Earl.
1:38 of 1st period - Deflect By Casey Cizikas.
1:38 of 1st period - Stopped by Mike Smith with a rebound.
1:46 of 1st period - Minor Penalty to Patrick Sieloff for Hooking.
1:47 of 1st period - Casey Cizikas wins face-off versus Carson Mcmillan in Saguenéens zone.
2:12 of 1st period - Carson Mcmillan is hit by David Laliberté.
3:05 of 1st period - Robbie Earl is hit by Zac Rinaldo and loses puck.
3:38 of 1st period - Stefan Elliott is hit by Spencer Machacek and loses puck.
3:46 of 1st period - Penalty to Patrick Sieloff is over, Patrick Sieloff is back on ice.
3:53 of 1st period - Slapshot by Rhett Rakhshani.
3:53 of 1st period - Stopped by Niklas Svedberg with a rebound.
3:55 of 1st period - Slapshot by Jake McCabe.
3:55 of 1st period - Shot Blocked by Nick Schultz.
4:12 of 1st period - Henrik Samuelsson is hit by Robbie Earl and loses puck.
4:57 of 1st period - Colton Gillies is hit by Zac Rinaldo and loses puck.
5:30 of 1st period - Tanner Glass is hit by Rhett Rakhshani and loses puck.
6:03 of 1st period - Snap shot by Jerry D'Amigo.
6:03 of 1st period - Shot Blocked by Adam McQuaid.
6:05 of 1st period - Backhand shot by Teemu Pulkkinen.
6:05 of 1st period - Shot Misses the Net.
6:07 of 1st period - Snap shot by Jake McCabe.
6:07 of 1st period - Deflect By Stefan Elliott.
6:07 of 1st period - Stopped by Niklas Svedberg without a rebound.
6:08 of 1st period - Zac Rinaldo wins face-off versus Boone Jenner in Punishers zone.
6:13 of 1st period - Slapshot by Carson Mcmillan.
6:13 of 1st period - Stopped by Niklas Svedberg without a rebound.
6:14 of 1st period - Zac Rinaldo wins face-off versus Casey Cizikas in Punishers zone.
6:17 of 1st period - Backhand shot by Carson Mcmillan.
6:17 of 1st period - Stopped by Niklas Svedberg without a rebound.
6:18 of 1st period - Casey Cizikas wins face-off versus Zac Rinaldo in Punishers zone.
6:51 of 1st period - Wrist shot by Carl Hagelin.
6:51 of 1st period - Shot Misses the Net.
6:53 of 1st period - Wrist shot by Juraj Mikus.
6:53 of 1st period - Shot Misses the Net.
7:09 of 1st period - Wrist shot by David Laliberté.
7:09 of 1st period - Stopped by Mike Smith without a rebound.
7:10 of 1st period - Casey Cizikas wins face-off versus Henrik Samuelsson in Saguenéens zone.
7:13 of 1st period - Wrist shot by Mattias Tedenby.
7:13 of 1st period - Stopped by Mike Smith with a rebound.
7:15 of 1st period - Slapshot by Adam McQuaid.
7:15 of 1st period - Deflect By Jake McCabe.
7:15 of 1st period - Stopped by Mike Smith with a rebound.
7:17 of 1st period - Snap shot by Casey Cizikas.
7:17 of 1st period - Shot Misses the Net.
7:45 of 1st period - Miikka Salomaki is hit by Mason Raymond and loses puck.
8:00 of 1st period - Spencer Machacek is hit by Erik Nystrom and loses puck.
8:07 of 1st period - Wrist shot by Oscar Sundqvist.
8:07 of 1st period - Stopped by Mike Smith with a rebound.
8:09 of 1st period - Wrist shot by Patrick Wiercioch.
8:09 of 1st period - Stopped by Mike Smith without a rebound.
8:10 of 1st period - Casey Cizikas wins face-off versus Zac Rinaldo in Saguenéens zone.
8:11 of 1st period - Snap shot by Mattias Tedenby.
8:11 of 1st period - Stopped by Mike Smith with a rebound.
8:13 of 1st period - Minor Penalty to Patrick Sieloff for Hooking.
8:14 of 1st period - Casey Cizikas wins face-off versus Carson Mcmillan in Saguenéens zone.
8:29 of 1st period - Backhand shot by Mason Raymond.
8:29 of 1st period - Deflect By Mattias Tedenby.
8:29 of 1st period - Shot Blocked by Robbie Earl.
8:29 of 1st period - Puck is out of play.
8:30 of 1st period - Carson Mcmillan wins face-off versus Casey Cizikas in Punishers zone.
10:13 of 1st period - Penalty to Patrick Sieloff is over, Patrick Sieloff is back on ice.
10:46 of 1st period - Robbie Earl is hit by Dalton Prout and loses puck.
10:55 of 1st period - Wrist shot by Teemu Pulkkinen.
10:55 of 1st period - Stopped by Niklas Svedberg without a rebound.
10:56 of 1st period - Zac Rinaldo wins face-off versus Oscar Sundqvist in Punishers zone.
11:07 of 1st period - Snap shot by Carson Mcmillan.
11:07 of 1st period - Stopped by Niklas Svedberg with a rebound.
11:09 of 1st period - Slapshot by Patrick Sieloff.
11:09 of 1st period - Stopped by Niklas Svedberg without a rebound.
11:10 of 1st period - Boone Jenner wins face-off versus Zac Rinaldo in Punishers zone.
11:21 of 1st period - David Laliberté is hit by Carson Mcmillan and loses puck.
11:50 of 1st period - Mattias Tedenby is hit by Spencer Machacek and loses puck.
12:07 of 1st period - Stefan Elliott is hit by Craig Cunningham and loses puck.
12:24 of 1st period - Wrist shot by Jake McCabe.
12:24 of 1st period - Shot Blocked by Adam McQuaid.
12:26 of 1st period - Slapshot by Patrick Sieloff.
12:26 of 1st period - Shot Misses the Net.
12:28 of 1st period - Wrist shot by Teemu Pulkkinen.
12:28 of 1st period - Shot Blocked by Adam McQuaid.
12:48 of 1st period - Colton Gillies is hit by Zac Rinaldo and loses puck.
13:01 of 1st period - Snap shot by Tanner Glass.
13:01 of 1st period - Shot Misses the Net.
13:03 of 1st period - Slapshot by Boone Jenner.
13:03 of 1st period - Shot Misses the Net.
13:05 of 1st period - Snap shot by David Laliberté.
13:05 of 1st period - Shot Blocked by Jake McCabe.
13:09 of 1st period - Slapshot by Tanner Glass.
13:09 of 1st period - Stopped by Mike Smith with a rebound.
13:43 of 1st period - Snap shot by Tanner Richard.
13:43 of 1st period - Stopped by Niklas Svedberg with a rebound.
13:56 of 1st period - Minor Penalty to Rhett Rakhshani for Tripping.
13:57 of 1st period - Casey Cizikas wins face-off versus Carson Mcmillan in Saguenéens zone.
14:12 of 1st period - Snap shot by Carson Mcmillan.
14:12 of 1st period - Shot Blocked by Casey Cizikas.
15:56 of 1st period - Penalty to Rhett Rakhshani is over, Rhett Rakhshani is back on ice.
16:17 of 1st period - Trevor Van Riemsdyk is hit by Henrik Samuelsson and loses puck.
16:46 of 1st period - Oscar Sundqvist is hit by Carl Hagelin and loses puck.
17:20 of 1st period - Boone Jenner is hit by Tanner Richard and loses puck.
17:57 of 1st period - Tanner Glass is hit by Carson Mcmillan and loses puck.
18:10 of 1st period - Nick Mattson is hit by Erik Nystrom and loses puck.
18:23 of 1st period - Casey Cizikas is hit by Carl Hagelin and loses puck.
19:05 of 1st period - Icing by David Rundblad.
19:06 of 1st period - Boone Jenner wins face-off versus Tanner Richard in Punishers zone.
19:15 of 1st period - Snap shot by David Laliberté.
19:15 of 1st period - Stopped by Mike Smith with a rebound.
19:40 of 1st period - Wrist shot by Spencer Machacek.
19:40 of 1st period - Stopped by Niklas Svedberg without a rebound.
19:41 of 1st period - Zac Rinaldo wins face-off versus Casey Cizikas in Punishers zone.
19:46 of 1st period - Backhand shot by Mason Raymond.
19:46 of 1st period - Shot Misses the Net.
19:59 of 1st period - Robbie Earl is hit by Dalton Prout and loses puck.
Goals for this period are 0 for Punishers vs 0 for Saguenéens.
Shots for this period are 10 for Punishers vs 9 for Saguenéens.

2nd period


0:01 of 2nd period - Zac Rinaldo wins face-off versus Mattias Tedenby in neutral zone.
0:08 of 2nd period - Slapshot by Mason Raymond.
0:08 of 2nd period - Deflect By Carson Mcmillan.
0:08 of 2nd period - Shot Blocked by Mattias Tedenby.
0:08 of 2nd period - Puck is out of play.
0:09 of 2nd period - Zac Rinaldo wins face-off versus Robbie Earl in Punishers zone.
0:14 of 2nd period - Snap shot by Carson Mcmillan.
0:14 of 2nd period - Shot Blocked by Casey Cizikas.
0:20 of 2nd period - Snap shot by Casey Cizikas.
0:20 of 2nd period - Deflect By Mason Raymond.
0:20 of 2nd period - Shot Blocked by Carson Mcmillan.
0:20 of 2nd period - Puck is out of play.
0:21 of 2nd period - Zac Rinaldo wins face-off versus Robbie Earl in Saguenéens zone.
0:21 of 2nd period - Zac Rinaldo is hit by Nick Schultz.
0:47 of 2nd period - Zac Rinaldo is hit by David Rundblad and loses puck.
1:09 of 2nd period - Dalton Prout is hit by Damon Severson and loses puck.
1:56 of 2nd period - Luke Adam is hit by Patrick Sieloff and loses puck.
2:16 of 2nd period - Snap shot by Aaron Palushaj.
2:16 of 2nd period - Stopped by Mike Smith without a rebound.
2:17 of 2nd period - Casey Cizikas wins face-off versus Carl Hagelin in Saguenéens zone.
2:30 of 2nd period - Nick Mattson is hit by Patrick Wiercioch and loses puck.
2:49 of 2nd period - Slapshot by David Laliberté.
2:49 of 2nd period - Shot Blocked by Carson Mcmillan.
3:09 of 2nd period - Wrist shot by Colton Gillies.
3:09 of 2nd period - Stopped by Mike Smith without a rebound.
3:10 of 2nd period - Zac Rinaldo wins face-off versus Luke Adam in Saguenéens zone.
4:35 of 2nd period - Wrist shot by Casey Cizikas.
4:35 of 2nd period - Deflect By Robbie Earl.
4:35 of 2nd period - Shot Misses the Net.
4:35 of 2nd period - Puck is out of play.
4:36 of 2nd period - Henrik Samuelsson wins face-off versus Robbie Earl in Saguenéens zone.
4:45 of 2nd period - Wrist shot by Mattias Tedenby.
4:45 of 2nd period - Stopped by Mike Smith without a rebound.
4:46 of 2nd period - Zac Rinaldo wins face-off versus Robbie Earl in Saguenéens zone.
4:51 of 2nd period - Zac Rinaldo is hit by Mattias Tedenby and loses puck.
4:58 of 2nd period - Wrist shot by Robbie Earl.
4:58 of 2nd period - Shot Misses the Net.
5:08 of 2nd period - Jordan Schmaltz is hit by Dalton Prout and loses puck.
5:23 of 2nd period - Wrist shot by Mattias Tedenby.
5:23 of 2nd period - Stopped by Mike Smith without a rebound.
5:24 of 2nd period - Tanner Richard wins face-off versus Boone Jenner in Saguenéens zone.
5:24 of 2nd period - Tanner Richard is hit by Tanner Glass.
5:38 of 2nd period - Wrist shot by Tanner Glass.
5:38 of 2nd period - Stopped by Mike Smith without a rebound.
5:39 of 2nd period - Mason Raymond wins face-off versus Luke Adam in Saguenéens zone.
5:46 of 2nd period - Slapshot by Nick Schultz.
5:46 of 2nd period - Deflect By Luke Adam.
5:46 of 2nd period - Stopped by Mike Smith with a rebound.
5:51 of 2nd period - Off-side.
5:52 of 2nd period - Zac Rinaldo wins face-off versus Casey Cizikas in neutral zone.
6:19 of 2nd period - Tanner Glass is hit by Carl Hagelin and loses puck.
6:45 of 2nd period - Snap shot by Luke Adam.
6:45 of 2nd period - Shot Misses the Net.
7:07 of 2nd period - Wrist shot by Teemu Pulkkinen.
7:07 of 2nd period - Stopped by Niklas Svedberg with a rebound.
7:18 of 2nd period - Icing by Casey Cizikas.
7:19 of 2nd period - Zac Rinaldo wins face-off versus Oscar Sundqvist in Punishers zone.
7:20 of 2nd period - Slapshot by Carson Mcmillan.
7:20 of 2nd period - Stopped by Niklas Svedberg without a rebound.
7:21 of 2nd period - Zac Rinaldo wins face-off versus Oscar Sundqvist in Punishers zone.
7:32 of 2nd period - Wrist shot by Aaron Palushaj.
7:32 of 2nd period - Shot Blocked by Carson Mcmillan.
7:34 of 2nd period - Slapshot by Jordan Schmaltz.
7:34 of 2nd period - Shot Misses the Net.
7:36 of 2nd period - Slapshot by Damon Severson.
7:36 of 2nd period - Deflect By Dalton Prout.
7:36 of 2nd period - Stopped by Mike Smith with a rebound.
7:52 of 2nd period - Snap shot by Mattias Tedenby.
7:52 of 2nd period - Goal by Mattias Tedenby - Punishers : 1 - Saguenéens : 0.
7:53 of 2nd period - Zac Rinaldo wins face-off versus Casey Cizikas in neutral zone.
8:01 of 2nd period - Wrist shot by Mattias Tedenby.
8:01 of 2nd period - Stopped by Mike Smith without a rebound.
8:02 of 2nd period - Zac Rinaldo wins face-off versus Casey Cizikas in Saguenéens zone.
8:26 of 2nd period - Snap shot by Mattias Tedenby.
8:26 of 2nd period - Shot Blocked by Carson Mcmillan.
8:28 of 2nd period - Slapshot by Casey Cizikas.
8:28 of 2nd period - Shot Misses the Net.
8:32 of 2nd period - Wrist shot by Mattias Tedenby.
8:32 of 2nd period - Shot Blocked by Jake McCabe.
8:34 of 2nd period - Slapshot by Nick Schultz.
8:34 of 2nd period - Stopped by Mike Smith without a rebound.
8:35 of 2nd period - Boone Jenner wins face-off versus Juraj Mikus in Saguenéens zone.
8:36 of 2nd period - Snap shot by David Laliberté.
8:36 of 2nd period - Stopped by Mike Smith with a rebound.
8:46 of 2nd period - Off-side.
8:47 of 2nd period - Boone Jenner wins face-off versus Juraj Mikus in neutral zone.
8:49 of 2nd period - Off-side.
8:50 of 2nd period - Juraj Mikus wins face-off versus Boone Jenner in neutral zone.
8:52 of 2nd period - Off-side.
8:53 of 2nd period - Boone Jenner wins face-off versus Juraj Mikus in neutral zone.
8:58 of 2nd period - Backhand shot by David Laliberté.
8:58 of 2nd period - Shot Blocked by Dalton Prout.
9:03 of 2nd period - Icing by Carl Hagelin.
9:04 of 2nd period - Juraj Mikus wins face-off versus Casey Cizikas in Saguenéens zone.
9:04 of 2nd period - Juraj Mikus is hit by Mattias Tedenby.
9:50 of 2nd period - Slapshot by Dalton Prout.
9:50 of 2nd period - Stopped by Niklas Svedberg without a rebound.
9:51 of 2nd period - Boone Jenner wins face-off versus Zac Rinaldo in Punishers zone.
9:55 of 2nd period - Adam McQuaid is hit by Patrick Sieloff and loses puck.
10:16 of 2nd period - Luke Adam is hit by Tanner Richard and loses puck.
10:21 of 2nd period - Slapshot by Rhett Rakhshani.
10:21 of 2nd period - Shot Blocked by Stefan Elliott.
10:58 of 2nd period - Carson Mcmillan is hit by David Laliberté.
11:22 of 2nd period - Colton Gillies is hit by Nicholas Walters and loses puck.
11:57 of 2nd period - Tanner Glass is hit by Nick Mattson and loses puck.
12:02 of 2nd period - Snap shot by Rhett Rakhshani.
12:02 of 2nd period - Shot Misses the Net.
12:04 of 2nd period - Slapshot by Craig Cunningham.
12:04 of 2nd period - Goal by Craig Cunningham - Punishers : 1 - Saguenéens : 1.
12:05 of 2nd period - Zac Rinaldo wins face-off versus Casey Cizikas in neutral zone.
12:59 of 2nd period - Wrist shot by David Laliberté.
12:59 of 2nd period - Stopped by Mike Smith without a rebound.
13:00 of 2nd period - Juraj Mikus wins face-off versus Boone Jenner in Saguenéens zone.
13:09 of 2nd period - Wrist shot by Carl Hagelin.
13:09 of 2nd period - Shot Blocked by Nick Schultz.
13:11 of 2nd period - Wrist shot by Carl Hagelin.
13:11 of 2nd period - Shot Misses the Net.
13:13 of 2nd period - Slapshot by Dalton Prout.
13:13 of 2nd period - Stopped by Niklas Svedberg without a rebound.
13:14 of 2nd period - Boone Jenner wins face-off versus Zac Rinaldo in Punishers zone.
13:29 of 2nd period - Snap shot by Mason Raymond.
13:29 of 2nd period - Shot Blocked by Nick Schultz.
13:47 of 2nd period - Wrist shot by Tanner Richard.
13:47 of 2nd period - Stopped by Niklas Svedberg with a rebound.
13:49 of 2nd period - Slapshot by Nick Mattson.
13:49 of 2nd period - Shot Misses the Net.
13:51 of 2nd period - Slapshot by Nick Mattson.
13:51 of 2nd period - Shot Misses the Net.
14:01 of 2nd period - Slapshot by Nick Schultz.
14:01 of 2nd period - Stopped by Mike Smith without a rebound.
14:02 of 2nd period - Casey Cizikas wins face-off versus Zac Rinaldo in Saguenéens zone.
14:15 of 2nd period - Minor Penalty to Carson Mcmillan for Hooking.
14:16 of 2nd period - Mason Raymond wins face-off versus Casey Cizikas in Saguenéens zone.
14:20 of 2nd period - Casey Cizikas is hit by Rhett Rakhshani and loses puck.
16:15 of 2nd period - Penalty to Carson Mcmillan is over, Carson Mcmillan is back on ice.
16:54 of 2nd period - Minor Penalty to Patrick Sieloff for Hooking.
16:55 of 2nd period - Robbie Earl wins face-off versus Carson Mcmillan in Saguenéens zone.
17:51 of 2nd period - Minor Penalty to David Laliberté for Hooking.
17:52 of 2nd period - Carson Mcmillan wins face-off versus Robbie Earl in Punishers zone.
17:57 of 2nd period - Snap shot by Mason Raymond.
17:57 of 2nd period - Stopped by Niklas Svedberg without a rebound.
17:58 of 2nd period - Carson Mcmillan wins face-off versus Robbie Earl in Punishers zone.
18:05 of 2nd period - Wrist shot by Carson Mcmillan.
18:05 of 2nd period - Stopped by Niklas Svedberg with a rebound.
18:54 of 2nd period - Penalty to Patrick Sieloff is over, Patrick Sieloff is back on ice.
19:37 of 2nd period - Slapshot by Jake McCabe.
19:37 of 2nd period - Goal by Jake McCabe - Punishers : 1 - Saguenéens : 2.
19:38 of 2nd period - Zac Rinaldo wins face-off versus Boone Jenner in neutral zone.
19:41 of 2nd period - Backhand shot by Carson Mcmillan.
19:41 of 2nd period - Stopped by Niklas Svedberg with a rebound.
19:43 of 2nd period - Slapshot by Dalton Prout.
19:43 of 2nd period - Deflect By Carson Mcmillan.
19:43 of 2nd period - Stopped by Niklas Svedberg with a rebound.
19:45 of 2nd period - Snap shot by Dalton Prout.
19:45 of 2nd period - Deflect By Carson Mcmillan.
19:45 of 2nd period - Shot Misses the Net.
19:45 of 2nd period - Puck is out of play.
19:46 of 2nd period - Zac Rinaldo wins face-off versus Boone Jenner in Punishers zone.
19:51 of 2nd period - Snap shot by Mason Raymond.
19:51 of 2nd period - Shot Blocked by Tanner Glass.
Goals for this period are 1 for Punishers vs 2 for Saguenéens.
Shots for this period are 13 for Punishers vs 11 for Saguenéens.

3rd period


0:01 of 3rd period - Zac Rinaldo wins face-off versus Robbie Earl in neutral zone.
0:26 of 3rd period - Spencer Machacek is hit by Nick Schultz and loses puck.
0:33 of 3rd period - Slapshot by Jake McCabe.
0:33 of 3rd period - Stopped by Niklas Svedberg without a rebound.
0:34 of 3rd period - Boone Jenner wins face-off versus Zac Rinaldo in Punishers zone.
0:34 of 3rd period - Boone Jenner is hit by Zac Rinaldo.
2:45 of 3rd period - Off-side.
2:46 of 3rd period - Henrik Samuelsson wins face-off versus Luke Adam in neutral zone.
2:49 of 3rd period - Wrist shot by Jerry D'Amigo.
2:49 of 3rd period - Shot Blocked by Miikka Salomaki.
2:57 of 3rd period - Wrist shot by Teemu Pulkkinen.
2:57 of 3rd period - Deflect By Henrik Samuelsson.
2:57 of 3rd period - Shot Misses the Net.
2:57 of 3rd period - Puck is out of play.
2:58 of 3rd period - Casey Cizikas wins face-off versus Zac Rinaldo in Punishers zone.
3:23 of 3rd period - Mattias Tedenby is hit by Craig Cunningham and loses puck.
3:32 of 3rd period - David Rundblad is hit by Tanner Richard and loses puck.
3:48 of 3rd period - Snap shot by David Laliberté.
3:48 of 3rd period - Deflect By Tanner Glass.
3:48 of 3rd period - Shot Blocked by Jake McCabe.
3:48 of 3rd period - Puck is out of play.
3:49 of 3rd period - Boone Jenner wins face-off versus Juraj Mikus in Saguenéens zone.
3:56 of 3rd period - Slapshot by Stefan Elliott.
3:56 of 3rd period - Deflect By David Laliberté.
3:56 of 3rd period - Stopped by Mike Smith without a rebound.
3:57 of 3rd period - Boone Jenner wins face-off versus Zac Rinaldo in Saguenéens zone.
4:04 of 3rd period - Snap shot by David Laliberté.
4:04 of 3rd period - Stopped by Mike Smith with a rebound.
4:06 of 3rd period - Slapshot by Adam McQuaid.
4:06 of 3rd period - Deflect By Tanner Glass.
4:06 of 3rd period - Stopped by Mike Smith with a rebound.
4:08 of 3rd period - Snap shot by David Laliberté.
4:08 of 3rd period - Stopped by Mike Smith without a rebound.
4:09 of 3rd period - Casey Cizikas wins face-off versus Zac Rinaldo in Saguenéens zone.
4:12 of 3rd period - Snap shot by Robbie Earl.
4:12 of 3rd period - Deflect By Mason Raymond.
4:12 of 3rd period - Shot Misses the Net.
4:12 of 3rd period - Puck is out of play.
4:13 of 3rd period - Casey Cizikas wins face-off versus Zac Rinaldo in Saguenéens zone.
5:29 of 3rd period - Snap shot by Jerry D'Amigo.
5:29 of 3rd period - Deflect By Henrik Samuelsson.
5:29 of 3rd period - Stopped by Niklas Svedberg without a rebound.
5:30 of 3rd period - Casey Cizikas wins face-off versus Zac Rinaldo in Punishers zone.
5:49 of 3rd period - Minor Penalty to Patrick Sieloff for Roughing.
5:50 of 3rd period - Casey Cizikas wins face-off versus Carson Mcmillan in Saguenéens zone.
5:54 of 3rd period - Backhand shot by Robbie Earl.
5:54 of 3rd period - Shot Blocked by Dalton Prout.
5:56 of 3rd period - Backhand shot by Robbie Earl.
5:56 of 3rd period - Stopped by Mike Smith without a rebound.
5:57 of 3rd period - Carson Mcmillan wins face-off versus Casey Cizikas in Saguenéens zone.
6:08 of 3rd period - Mason Raymond is hit by Robbie Earl and loses puck.
7:49 of 3rd period - Penalty to Patrick Sieloff is over, Patrick Sieloff is back on ice.
8:17 of 3rd period - Snap shot by Teemu Pulkkinen.
8:17 of 3rd period - Shot Blocked by Robbie Earl.
8:19 of 3rd period - Slapshot by Henrik Samuelsson.
8:19 of 3rd period - Stopped by Niklas Svedberg with a rebound.
8:21 of 3rd period - Snap shot by Teemu Pulkkinen.
8:21 of 3rd period - Goal by Teemu Pulkkinen - Punishers : 1 - Saguenéens : 3.
8:22 of 3rd period - Zac Rinaldo wins face-off versus Boone Jenner in neutral zone.
8:27 of 3rd period - Snap shot by Zac Rinaldo.
8:27 of 3rd period - Shot Hit the Post.
8:29 of 3rd period - Wrist shot by Zac Rinaldo.
8:29 of 3rd period - Deflect By Carson Mcmillan.
8:29 of 3rd period - Shot Blocked by David Rundblad.
8:29 of 3rd period - Puck is out of play.
8:30 of 3rd period - Boone Jenner wins face-off versus Zac Rinaldo in Punishers zone.
8:44 of 3rd period - Snap shot by Carson Mcmillan.
8:44 of 3rd period - Shot Blocked by Nick Schultz.
8:46 of 3rd period - Snap shot by Zac Rinaldo.
8:46 of 3rd period - Stopped by Niklas Svedberg without a rebound.
8:47 of 3rd period - Juraj Mikus wins face-off versus Mattias Tedenby in Punishers zone.
8:51 of 3rd period - Minor Penalty to Robbie Earl for Hooking.
8:52 of 3rd period - Zac Rinaldo wins face-off versus Aaron Palushaj in Punishers zone.
8:54 of 3rd period - Snap shot by Mason Raymond.
8:54 of 3rd period - Shot Blocked by Aaron Palushaj.
9:00 of 3rd period - Snap shot by Zac Rinaldo.
9:00 of 3rd period - Shot Blocked by David Rundblad.
9:04 of 3rd period - Snap shot by Carson Mcmillan.
9:04 of 3rd period - Shot Misses the Net.
9:06 of 3rd period - Wrist shot by Carson Mcmillan.
9:06 of 3rd period - Stopped by Niklas Svedberg with a rebound.
9:08 of 3rd period - Snap shot by Jake McCabe.
9:08 of 3rd period - Stopped by Niklas Svedberg with a rebound.
10:08 of 3rd period - Dalton Prout is hit by Stefan Elliott.
10:51 of 3rd period - Penalty to Robbie Earl is over, Robbie Earl is back on ice.
11:04 of 3rd period - Snap shot by Rhett Rakhshani.
11:04 of 3rd period - Shot Blocked by David Laliberté.
11:06 of 3rd period - Slapshot by Patrick Sieloff.
11:06 of 3rd period - Stopped by Niklas Svedberg with a rebound.
11:08 of 3rd period - Wrist shot by Rhett Rakhshani.
11:08 of 3rd period - Shot Misses the Net.
11:10 of 3rd period - Snap shot by Patrick Sieloff.
11:10 of 3rd period - Shot Blocked by Boone Jenner.
12:54 of 3rd period - Spencer Machacek is hit by David Laliberté and loses puck.
13:07 of 3rd period - Jordan Schmaltz is hit by Rhett Rakhshani and loses puck.
13:23 of 3rd period - Patrick Sieloff is hit by Robbie Earl.
13:51 of 3rd period - Rhett Rakhshani is hit by Erik Nystrom.
14:07 of 3rd period - Jake McCabe is hit by Nick Schultz and loses puck.
14:16 of 3rd period - Icing by Casey Cizikas.
14:17 of 3rd period - Juraj Mikus wins face-off versus Casey Cizikas in Punishers zone.
14:28 of 3rd period - Slapshot by Juraj Mikus.
14:28 of 3rd period - Stopped by Niklas Svedberg with a rebound.
14:32 of 3rd period - Wrist shot by Carl Hagelin.
14:32 of 3rd period - Shot Misses the Net.
15:08 of 3rd period - Snap shot by Zac Rinaldo.
15:08 of 3rd period - Shot Misses the Net.
15:29 of 3rd period - Snap shot by Boone Jenner.
15:29 of 3rd period - Stopped by Mike Smith with a rebound.
15:31 of 3rd period - Slapshot by Jordan Schmaltz.
15:31 of 3rd period - Stopped by Mike Smith without a rebound.
15:32 of 3rd period - Tanner Richard wins face-off versus Luke Adam in Saguenéens zone.
15:32 of 3rd period - Tanner Richard is hit by Luke Adam.
15:57 of 3rd period - Juraj Mikus is hit by Mattias Tedenby and loses puck.
16:03 of 3rd period - Juraj Mikus is hit by Mattias Tedenby and loses puck.
16:25 of 3rd period - Oscar Sundqvist is hit by Nicholas Walters.
16:36 of 3rd period - Wrist shot by Oscar Sundqvist.
16:36 of 3rd period - Stopped by Mike Smith with a rebound.
16:42 of 3rd period - Aaron Palushaj is hit by Mason Raymond and loses puck.
17:01 of 3rd period - Miikka Salomaki is hit by Rhett Rakhshani and loses puck.
17:06 of 3rd period - Wrist shot by Rhett Rakhshani.
17:06 of 3rd period - Shot Misses the Net.
17:21 of 3rd period - Off-side.
17:22 of 3rd period - Mattias Tedenby wins face-off versus Juraj Mikus in neutral zone.
17:42 of 3rd period - Snap shot by Robbie Earl.
17:42 of 3rd period - Shot Misses the Net.
18:00 of 3rd period - Wrist shot by Robbie Earl.
18:00 of 3rd period - Shot Blocked by Patrick Sieloff.
19:02 of 3rd period - Snap shot by Robbie Earl.
19:02 of 3rd period - Shot Misses the Net.
19:28 of 3rd period - Snap shot by Carl Hagelin.
19:28 of 3rd period - Shot Misses the Net.
19:42 of 3rd period - Stefan Elliott is hit by Carl Hagelin.
Goals for this period are 0 for Punishers vs 1 for Saguenéens.
Shots for this period are 8 for Punishers vs 9 for Saguenéens.